 Dungeon Crawl Stone Soup version 0.25-a0-804-g50c693f418 (webtiles) character file.

Game seed: 5174194838849879348, levelgen mode: deterministic

64611 sanka the Spry (level 14, 66/66 HPs)
             Began as a Felid Wanderer on Apr 19, 2020.
             Was a High Priest of Okawaru.
             Quit the game on level 14 of the Dungeon.
             The game lasted 01:41:40 (38236 turns).

sanka the Spry (Felid Wanderer)                    Turns: 38236, Time: 01:41:41

Health: 66/66      AC:  3    Str:  7    XL:     14   Next: 72%
Magic:  27/27      EV: 38    Int: 16    God:    Okawaru [*****.]
Gold:   1330       SH:  0    Dex: 27    Spells: 24/29 levels left
                                        Lives:  1   Deaths: 1

rFire    . . .     SeeInvis +     - Unarmed
rCold    + . .     Gourm    .   (shield unavailable)
rNeg     . . .     Faith    .   (armour unavailable)
rPois    .         Spirit   +   (helmet unavailable)
rElec    .         Reflect  .   (cloak unavailable)
rCorr    .         Harm     .   (gloves unavailable)
MR       +++..                  (boots unavailable)
Stlth    +++++.....             t - amulet of guardian spirit
HPRegen  0.21/turn              n - ring of protection from magic
MPRegen  0.20/turn              k - +6 ring of dexterity

@: quick
A: very small, no armour, no weapons or thrown items, stealth, claws 1, fangs 3,
see invisible, carnivore, speed 1, shaggy fur 3, slow metabolism 1, sharp paws
a: Heroism, Finesse, Renounce Religion


You were on level 14 of the Dungeon.
You worshipped Okawaru.
Okawaru was extremely pleased with you.
You were not hungry.

You visited 4 branches of the dungeon, and saw 24 of its levels.
You also visited: Gauntlet.

You collected 2767 gold pieces.
You spent 1437 gold pieces at shops.


Innate Abilities, Weirdness & Mutations

You cannot wear armour.
You are incapable of wielding weapons or throwing items.
Your paws allow you to move quietly. (Stealth)
You have sharp claws.
You have razor-sharp teeth.
You have supernaturally acute eyesight. (SInv)
You are carnivorous and can eat meat at any time.
You cover ground quickly.
Your thick and shaggy fur keeps you warm. (AC +3, rC+)
You have a slow metabolism.
Your sharp claws are effective at attacking unaware monsters.


   Skills:
 - Level 10.0 Fighting
 + Level 18.7 Dodging
 - Level 7.0 Stealth
 - Level 15.0 Unarmed Combat
 - Level 8.0 Spellcasting
 - Level 12.0 Transmutations
 - Level 8.0 Invocations


You had 24 spell levels left.
You knew the following spells:

 Your Spells              Type           Power        Failure   Level  Hunger
z - Blade Hands           Tmut           #####.....   2%          5    #####..

Your spell library contained the following spells:

 Spells                   Type           Power        Failure   Level  Hunger
 Beastly Appendage        Tmut           #####.       1%          1    None
 Sticks to Snakes         Tmut           #####...     1%          2    None
 Spider Form              Tmut/Pois      ####......   2%          3    ##.....
 Ignite Poison            Fire/Tmut/Pois ###.....     6%          3    ##.....
 Ice Form                 Ice/Tmut       ####....     10%         4    ####...
 Foxfire                  Conj/Fire      #...         11%         1    None
 Infusion                 Chrm           #...         11%         1    None
 Magic Dart               Conj           #...         11%         1    None
 Call Imp                 Summ           #.......     17%         2    None
 Poisonous Vapours        Pois/Air       #.....       17%         2    None
 Searing Ray              Conj           #.....       17%         2    None
 Shroud of Golubria       Chrm/Tloc      #.....       17%         2    None
 Song of Slaying          Chrm           #.......     17%         2    None
 Conjure Flame            Conj/Fire      #.......     32%         3    ##.....
 Dazzling Flash           Conj/Hex       #.....       32%         3    ##.....
 Inner Flame              Hex/Fire       #.......     32%         3    ##.....
 Mephitic Cloud           Conj/Pois/Air  #.......     32%         3    ##.....
 Ozocubu's Armour         Chrm/Ice       #.......     32%         3    ##.....
 Fulminant Prism          Conj/Hex       #.........   73%         4    ####...
 Iskenderun's Mystic Bla  Conj/Tloc      #.......     73%         4    ####...
 Sticky Flame             Conj/Fire      #.......     73%         4    ####...
 Fireball                 Conj/Fire      #.........   97%         5    #####..
 Summon Mana Viper        Hex/Summ       #.......     97%         5    #####..
 Freezing Cloud           Conj/Ice/Air   #.........   100%        6    #######
 Malign Gateway           Summ/Tloc      #.........   100%        7    #######
 Ring of Flames           Chrm/Fire      #.........   100%        7    #######
 Spectral Weapon          Hex/Chrm       Unusable     N/A         3    N/A

Inventory:

Jewellery
 k - a +6 ring of dexterity (right paw)
 n - a ring of protection from magic (left paw)
 t - an amulet of guardian spirit (around neck)
 x - an uncursed amulet of regeneration
 B - an uncursed ring of protection from cold
 R - the ring "Abexas" {rPois rN+ Dex-4 SInv}

   [ring of see invisible]

   It affects your dexterity (-4).
   It protects you from poison.
   It protects you from negative energy.
   It lets you see invisible.
 S - an uncursed ring of wizardry
 T - an uncursed ring of stealth
 X - an uncursed ring of fire
Wands
 c - a wand of digging (12)
 o - a wand of scattershot (2)
 z - a wand of paralysis (4)
 E - a wand of disintegration (11)
 H - a wand of polymorph (13)
 I - a wand of random effects (18)
 J - a wand of acid (7)
 K - a wand of enslavement (12)
 P - a wand of clouds (8)
 U - a wand of flame (38)
Scrolls
 g - 2 scrolls of magic mapping
 l - 3 scrolls of fog
 m - 16 scrolls of remove curse
 p - 11 scrolls of teleportation {@r4}
 u - 3 scrolls of fear
 v - 5 scrolls of amnesia
 w - 4 scrolls of immolation {!r}
 D - a scroll of torment {!r}
 F - 2 scrolls of holy word
 M - a scroll of blinking
 Q - a scroll of identify {@r1}
Potions
 a - 5 potions of heal wounds {@q2}
 b - 10 potions of curing {@q1}
 f - 2 potions of flight
 h - 4 potions of brilliance
 i - 4 potions of ambrosia
 j - a potion of berserk rage {unknown}
 q - 2 potions of magic {unknown}
 r - 5 potions of lignification {!q}
 s - 9 potions of haste {@q3}
 A - a potion of cancellation {unknown}
 C - 2 potions of invisibility {unknown}
 G - 5 potions of might
 N - a potion of stabbing
 O - 2 potions of mutation {!q}
 W - 3 potions of resistance
Miscellaneous
 e - a phial of floods
 y - 2 phantom mirrors
 V - a tin of tremorstones
Comestibles
 d - 38 rations

Dungeon Overview and Level Annotations

Branches:
Dungeon (15/15)            Temple (1/1) D:5            Lair (6/6) D:8
  Swamp (0/4) Lair:4       Spider (0/4) Lair:3        Slime (0/5) Lair:5
    Orc (2/2) D:10            Elf (0/3) Orc:2        Vaults (0/5) D:14
Gauntlet (visited)
 Depths: D:15

Altars:
Ashenzari
Cheibriados
Dithmenos
Elyvilon
Fedhas
Gozag
Hepliaklqana
Kikubaaqudgha
Makhleb
Nemelex Xobeh
Okawaru
Qazlal
Ru
Sif Muna
Trog
Uskayaw
Vehumet
Wu Jian
Xom
Yredelemnul
Zin
The Shining One
Beogh

Shops:
D:5 [   D:10 *[(   D:11 !   D:12 (   Orc:2 ([:*

Portals:
Abyss: D:13

Annotations:
D:13 2 transporters, Koaxihic's ghost, journeyman GrAM

▒......▒....▒▒.....▒▒▒....[..
▒▒......▒.......▒▒.▒▒.(.......
▒......▒▒..▒.▒..▒.)[..........
▒.......▒..▒▒▒▒......▒........
▒▒▒....▒▒.............▒▒.......
▒.....................▒........
▒▒▒................▒...........
▒▒▒▒...........▒▒▒▒).........
▒▒.▒▒▒▒▒.▒...h....▒▒..........
▒...▒)...▒........▒▒▒.........
▒▒...▒....▒▒▒.▒▒▒▒..▒▒........(
▒.........▒ ▒▒▒▒▒▒.▒▒▒.........
▒▒.........▒▒ ▒▒▒...............
▒...▒....▒..▒▒▒.................
▒▒..▒▒..(...............▒.▒.....
▒▒▒...........▒..........▒▒▒▒....
..▒.)(....(...▒▒.........▒ ▒.....


There were no monsters in sight!


Message History

The centaur misses you.
An orc warrior comes into view. It is wielding a +0 short sword.
You slash the cyan ugly thing!
The cyan ugly thing is severely wounded.
The green ugly thing barely misses you. The cyan ugly thing pecks you!
* * * LOW HITPOINT WARNING * * *
The cyan ugly thing shocks you!
* * * LOW HITPOINT WARNING * * *
The centaur completely misses you.
The centaur wields a +0 shortbow.
The centaur shoots an arrow.
The arrow completely misses you.
There is a stone staircase leading up here.
The cyan ugly thing completely misses you.
The centaur unwields a +0 shortbow.
The centaur closely misses you.
You climb upwards.
There is a stone staircase leading down here.
Unknown command.
The cyan ugly thing pecks you.
* * * LOW HITPOINT WARNING * * *
The cyan ugly thing shocks you!
You die...
Your shape twists and changes as you die.
You are now level 14!
Your front paws revert to their normal proportions.
You rejoin the land of the living...
Unknown command.
Are you sure you want to abandon this character and quit the game? (Confirm with "yes".)

Action                   |  1- 3 |  4- 6 |  7- 9 | 10-12 | 13-15 || total
-------------------------+-------+-------+-------+-------+-------++-------
Melee: Unarmed           |    84 |   175 |   358 |  1005 |  1565 ||  3187
       Bite              |     3 |    20 |    57 |   125 |   226 ||   431
       Punch             |       |     9 |    23 |    88 |   160 ||   280
 Cast: Blade Hands       |       |       |       |       |    51 ||    51
Invok: Heroism           |       |       |    10 |    47 |    89 ||   146
       Finesse           |       |       |       |     2 |     8 ||    10
Evoke: Wand              |       |       |     7 |    16 |     2 ||    25
  Use: Potion            |       |     2 |       |     2 |     3 ||     7
       Scroll            |       |       |     4 |    11 |     9 ||    24
 Stab: Sleeping          |    18 |    17 |    17 |    37 |    45 ||   134
       Distracted        |     1 |     1 |     2 |     7 |     6 ||    17
       Confused          |       |       |     1 |       |       ||     1
  Eat: Chunk             |     8 |    11 |     7 |    22 |    49 ||    97
Armor: Skin              |     2 |    21 |     8 |    12 |    17 ||    60
Dodge: Dodged            |    41 |   142 |   263 |   905 |  1568 ||  2919

Levels and vault maps discovered:
D:1:      dpeg_arrival_ratfight, layout_basic
D:2:      kennysheep_the_goblin_king, layout_basic, elyvilon_altar_5
D:3:      layout_rooms, vehumet_crystals, goddamned_bats
D:4:      layout_loops_ring, nicolae_qazlal_general_emergency,
          lemuel_coloured_pillars_altar
D:5:      layout_layer_cave, lightli_temple_of_fire, minmay_temple_entry_ruins,
          first_ration, serial_shops, shop_fountains, minmay_checkerbox,
          uniq_grinder
D:6:      layout_cave_pods, kennysheep_mini_moat, xom_confusion_cloud
D:7:      layout_basic, chequers_temple_overflow_statue_of_worship,
          makhleb_blood_cavern_becter, minmay_misc_feat_cross
D:8:      layout_loops_corners, erik_lair_island, hangedman_little_slice_of_home
D:9:      layout_roguey [special_room_orc]
D:10:     layout_big_octagon, orc_david_3, minivault_26,
          nicolae_transmutations_shop
D:11:     layout_basic, serial_shops, nicolae_shop_waterfront,
          minmay_misc_feat_tiny, minmay_lindwurm_lava
D:12:     layout_stronghold, gauntlet_entry_generic, serial_shops, shop,
          basic_altar
D:13:     layout_roguey, gammafunk_ghost_abyssal_escape,
          hangedman_parallel_progression
D:14:     layout_cave_pools, ximxim_vaults_locker_room, nrook_campfire,
          uniq_josephine
D:15:     hangedman_depths_entry_try_elsewhere_first, layout_irregular_city,
          serial_bayou_pond_a
Temple:   minmay_temple_bridge_abc
Lair:1:   beast_lair_carwin_large_2, layout_chaotic_city, tgw_fedhas
Lair:2:   layout_long_grid, basic_altar
Lair:3:   layout_chaotic_city, spider_nest_entry_funnel_web, zaba_antful_of_joy
Lair:4:   layout_roguey, minmay_swamp_entry_swarm, ebering_ghost_disaster_area,
          serial_rivers, chequers_serial_rivers_small_a,
          chequers_serial_rivers_small_a, chequers_serial_rivers_room_a,
          chequers_serial_rivers_micro_c, chequers_serial_rivers_micro_d,
          chequers_serial_rivers_micro_b
Lair:5:   layout_long_grid, minmay_slime_entry_pillars
Lair:6:   minmay_lair_end_enchanted_forest, layout_regular_city,
          hellmonk_ghost_happy_afterlife, eino_house_with_fridge
Orc:1:    layout_diamond_mine, uniq_maurice
Orc:2:    grunt_orc_gardens, layout_diamond_mine, grunt_orc_garden,
          grunt_orc_garden, grunt_orc_garden, grunt_orc_garden

Notes
Turn   | Place    | Note
-------+----------+-------------------------------------------
     0 | D:1      | sanka the Felid Wanderer began the quest for the Orb.
     0 | D:1      | sanka set off with the following items: a scroll of
                  | blinking, a potion of curing {@q1}, a potion of
                  | lignification {!q}, a ration
     0 | D:1      | Reached XP level 1. HP: 9/9 MP: 2/2
   302 | D:1      | Reached XP level 2. HP: 13/13 MP: 3/3
   370 | D:1      | Reached skill level 7 in Stealth
   550 | D:1      | Reached skill level 3 in Unarmed Combat
   928 | D:1      | Reached XP level 3. HP: 16/16 MP: 4/4
  1892 | D:2      | Found a white marble altar of Elyvilon.
  2124 | D:2      | Reached skill level 4 in Unarmed Combat
  2124 | D:2      | Reached XP level 4. HP: 7/19 MP: 5/5
  3116 | D:2      | Noticed Ijyb
  3167 | D:2      | Killed Ijyb
  3615 | D:3      | Found a radiant altar of Vehumet.
  3932 | D:3      | Reached skill level 5 in Unarmed Combat
  3953 | D:3      | Reached XP level 5. HP: 22/22 MP: 6/6
  4355 | D:3      | Reached skill level 6 in Unarmed Combat
  5063 | D:4      | Gained mutation: You are covered in thick fur. (AC +2)
                  | [Felid growth]
  5063 | D:4      | Reached XP level 6. HP: 26/26 MP: 7/7
  5957 | D:4      | Found a shimmering blue altar of Sif Muna.
  6549 | D:5      | Entered Level 5 of the Dungeon
  6559 | D:5      | Reached skill level 7 in Unarmed Combat
  6941 | D:5      | Found a staircase to the Ecumenical Temple.
  6970 | Temple   | Entered the Ecumenical Temple
  7166 | Temple   | Became a worshipper of Warmaster Okawaru
  7196 | D:5      | Reached XP level 7. HP: 30/30 MP: 8/8
  7453 | D:5      | Noticed Grinder
  7467 | D:5      | Killed Grinder
  7467 | D:5      | Reached skill level 8 in Unarmed Combat
  7541 | D:5      | Found Saryex's Antique Armour Shop.
  7892 | D:4      | Found a stormy altar of Qazlal.
  8296 | D:5      | Reached skill level 9 in Unarmed Combat
  8333 | D:5      | Found a bloodstained altar of Trog.
  8913 | D:5      | Reached XP level 8. HP: 33/33 MP: 9/9
  9044 | D:6      | Reached skill level 2 in Dodging
  9155 | D:6      | Reached skill level 3 in Dodging
  9179 | D:6      | Found a shimmering altar of Xom.
  9290 | D:6      | Reached skill level 4 in Dodging
  9368 | D:6      | Reached * piety under Okawaru
  9375 | D:6      | Reached skill level 10 in Unarmed Combat
  9439 | D:6      | Reached skill level 5 in Dodging
  9439 | D:6      | Reached skill level 1 in Invocations
  9600 | D:6      | Found a basalt altar of Yredelemnul.
  9617 | D:6      | Reached skill level 2 in Invocations
  9758 | D:9      | Reached skill level 6 in Dodging
  9849 | D:9      | Reached skill level 3 in Invocations
  9880 | D:9      | Reached ** piety under Okawaru
  9880 | D:9      | Reached skill level 7 in Dodging
  9880 | D:9      | Reached XP level 9. HP: 35/36 MP: 9/12
  9891 | D:9      | Reached skill level 4 in Invocations
  9903 | D:9      | Reached skill level 8 in Dodging
  9913 | D:9      | Reached skill level 9 in Dodging
  9976 | D:9      | Reached *** piety under Okawaru
 10135 | D:9      | Reached skill level 10 in Dodging
 10356 | D:9      | Reached skill level 3 in Fighting
 10490 | D:9      | Found a roughly hewn altar of Beogh.
 10561 | D:9      | Reached skill level 11 in Dodging
 10661 | D:8      | Reached skill level 4 in Fighting
 10683 | D:8      | Noticed a two-headed ogre
 10688 | D:8      | Noticed a troll
 10701 | D:8      | Reached XP level 10. HP: 29/43 MP: 14/14
 10716 | D:8      | Killed a two-headed ogre
 10716 | D:8      | Reached **** piety under Okawaru
 10716 | D:8      | Reached skill level 5 in Fighting
 10750 | D:8      | Reached skill level 12 in Dodging
 10991 | D:8      | Reached skill level 6 in Fighting
 11513 | D:8      | Found a staircase to the Lair.
 12018 | D:7      | Found a burning altar of Makhleb.
 12068 | D:7      | Reached skill level 7 in Fighting
 12121 | D:7      | Reached skill level 13 in Dodging
 12226 | D:7      | Found an opulent altar of Gozag.
 12228 | D:7      | Found a hazy altar of Hepliaklqana.
 12390 | D:7      | Reached ***** piety under Okawaru
 13830 | D:10     | Entered Level 10 of the Dungeon
 13865 | D:10     | Reached XP level 11. HP: 45/51 MP: 13/15
 13898 | D:10     | Noticed an orc knight
 13924 | D:10     | Reached skill level 8 in Fighting
 13927 | D:10     | Noticed a two-headed ogre
 13929 | D:10     | HP: 1/51 [two-headed ogre/+0 giant club (30)]
 14016 | D:10     | Found Qen Arym's Armour Emporium.
 14016 | D:10     | Found a staircase to the Orcish Mines.
 14337 | D:10     | Found Ateiza's Weapon Emporium.
 14405 | D:9      | Killed a two-headed ogre
 14405 | D:9      | Reached skill level 14 in Dodging
 14594 | D:10     | Reached skill level 5 in Invocations
 14787 | D:10     | Learned a level 5 spell: Blade Hands
 14788 | D:10     | Found Soesor's Changing Room.
 14919 | D:11     | Found Ditoecre's Distillery.
 15017 | D:11     | Noticed a two-headed ogre
 15025 | D:11     | Killed a two-headed ogre
 15030 | D:11     | Noticed a red ugly thing
 15031 | D:11     | Killed a red ugly thing
 15031 | D:11     | Reached skill level 9 in Fighting
 15383 | D:11     | Reached ****** piety under Okawaru
 15493 | D:11     | Noticed an eight-headed hydra
 15498 | D:11     | Killed an eight-headed hydra
 15498 | D:11     | Reached skill level 6 in Invocations
 15562 | D:11     | Noticed a skeletal warrior
 15564 | D:11     | Noticed a skeletal warrior
 15568 | D:11     | Noticed a skeletal warrior
 15569 | D:11     | Noticed a skeletal warrior
 16511 | D:10     | Killed an orc knight
 17004 | D:11     | Noticed a lindwurm
 17048 | D:11     | Noticed a lindwurm
 17261 | D:11     | Reached skill level 15 in Dodging
 17518 | Lair:1   | Entered Level 1 of the Lair of Beasts
 17553 | Lair:1   | Noticed a seven-headed hydra
 17867 | Lair:1   | Noticed a seven-headed hydra
 17876 | Lair:1   | Killed a seven-headed hydra
 17876 | Lair:1   | Reached skill level 1 in Spellcasting
 17876 | Lair:1   | Reached skill level 1 in Transmutations
 17876 | Lair:1   | Reached skill level 7 in Invocations
 17876 | Lair:1   | Gained mutation: Your thick and shaggy fur keeps you warm.
                  | (AC +3, rC+) [Felid growth]
 17876 | Lair:1   | Reached XP level 12. HP: 58/58 MP: 15/18
 18116 | Lair:1   | Killed a seven-headed hydra
 18417 | Lair:1   | Reached skill level 2 in Transmutations
 18728 | Lair:1   | Found a blossoming altar of Fedhas.
 19106 | Lair:1   | Reached skill level 10 in Fighting
 19106 | Lair:1   | Reached skill level 2 in Spellcasting
 19372 | Lair:2   | Found a radiant altar of Vehumet.
 19569 | Lair:2   | Reached skill level 3 in Transmutations
 19994 | Lair:2   | Noticed an eight-headed hydra
 19998 | Lair:2   | Noticed a four-headed hydra
 20125 | Lair:2   | Killed an eight-headed hydra
 20385 | Lair:2   | Killed a four-headed hydra
 20385 | Lair:2   | Reached skill level 3 in Spellcasting
 20538 | Lair:2   | Reached skill level 4 in Transmutations
 20603 | Lair:3   | Reached skill level 8 in Invocations
 20967 | Lair:3   | Reached skill level 4 in Spellcasting
 21055 | Lair:3   | Reached skill level 11 in Unarmed Combat
 21055 | Lair:3   | Reached skill level 5 in Transmutations
 21753 | Lair:3   | Noticed a queen ant
 21781 | Lair:3   | Killed a queen ant
 21792 | Lair:3   | Reached skill level 6 in Transmutations
 21797 | Lair:3   | Reached skill level 5 in Spellcasting
 21812 | Lair:3   | Reached XP level 13. HP: 24/61 MP: 12/21
 22580 | Lair:3   | Found a hole to the Spider Nest.
 22916 | Lair:4   | Found a staircase to the Swamp.
 22952 | Lair:4   | Found a large runed translucent door.
 22953 | Lair:4   | Found a large runed translucent door.
 22971 | Lair:4   | Noticed MisterFreud's ghost (journeyman GnFi)
 23163 | Lair:4   | Reached skill level 7 in Transmutations
 23191 | Lair:4   | Reached skill level 6 in Spellcasting
 23716 | Lair:4   | Killed MisterFreud's ghost
 23716 | Lair:4   | Reached skill level 12 in Unarmed Combat
 23719 | Lair:4   | Identified the Collected Works on Venomous Companions
 24013 | Lair:5   | Reached skill level 8 in Transmutations
 24039 | Lair:5   | Found a staircase to the Slime Pits.
 24543 | Lair:5   | Reached skill level 7 in Spellcasting
 25759 | Lair:6   | Entered Level 6 of the Lair of Beasts
 25784 | Lair:6   | Reached skill level 9 in Transmutations
 26134 | Lair:6   | HP: 6/61 [poisoned by a black mamba]
 26140 | Lair:6   | HP: 5/61 [poisoned by a black mamba]
 26148 | Lair:6   | HP: 5/61 [poisoned by a black mamba]
 26560 | Lair:6   | Found a runed translucent door.
 26611 | Lair:6   | Noticed Reinei's ghost (journeyman FoFi)
 26637 | Lair:5   | Reached XP level 14. HP: 55/66 MP: 24/26
 27223 | Lair:6   | Reached skill level 8 in Spellcasting
 27486 | Lair:6   | Reached skill level 13 in Unarmed Combat
 27651 | Lair:6   | Reached skill level 10 in Transmutations
 28606 | Lair:6   | Killed Reinei's ghost
 28912 | Orc:1    | Entered Level 1 of the Orcish Mines
 29019 | Orc:2    | Entered Level 2 of the Orcish Mines
 29020 | Orc:2    | Noticed a stone giant
 29051 | Orc:2    | Found Idogut's Antique Armour Shoppe.
 29064 | Orc:2    | Found Xantaej's Antique Weapon Boutique.
 29064 | Orc:2    | Noticed an orc warlord
 29074 | Orc:2    | Found Taethruic's Book Boutique.
 29089 | Orc:2    | Found Ufusu's General Store.
 29231 | Orc:1    | Noticed Maurice
 29624 | Orc:1    | Killed Maurice
 29945 | Orc:1    | Reached skill level 14 in Unarmed Combat
 30811 | Orc:2    | Killed an orc warlord
 30811 | Orc:2    | Reached skill level 11 in Transmutations
 31024 | Orc:2    | Found a staircase to the Elven Halls.
 31530 | Orc:2    | Killed a stone giant
 32112 | D:11     | Bought a potion of flight for 51 gold pieces
 32112 | D:11     | Bought a potion of heal wounds for 85 gold pieces
 32112 | D:11     | Bought a potion of heal wounds for 85 gold pieces
 32112 | D:11     | Bought a potion of might for 68 gold pieces
 32112 | D:11     | Bought a potion of stabbing for 68 gold pieces
 32112 | D:11     | Bought 2 potions of mutation for 272 gold pieces
 32112 | D:11     | Bought a potion of haste for 170 gold pieces
 32112 | D:11     | Bought a potion of might for 68 gold pieces
 32174 | Orc:2    | Bought a wand of clouds (8) for 540 gold pieces
 32174 | Orc:2    | Bought a scroll of identify for 30 gold pieces
 32961 | D:12     | Found a gate leading to a gauntlet.
 32970 | Gauntlet | Entered a Gauntlet
 32970 | Gauntlet | Found a transporter.
 32970 | Gauntlet | Found a transporter.
 33189 | Gauntlet | Found a transporter.
 33193 | Gauntlet | Found a transporter.
 33203 | Gauntlet | Found a transporter.
 33224 | Gauntlet | Found a transporter.
 33230 | Gauntlet | Found a transporter.
 33238 | Gauntlet | Found a transporter.
 33256 | Gauntlet | Found a transporter.
 33264 | Gauntlet | Found a transporter.
 33281 | Gauntlet | Found a transporter.
 33306 | Gauntlet | Found a transporter.
 33518 | Gauntlet | Reached XP level 15. HP: 48/69 MP: 14/28
 33803 | Gauntlet | Identified the +9 fire dragon scales "Vestrusch" {rF++ rC-
                  | Str+2}
 33803 | Gauntlet | Identified the ring "Abexas" {rPois rN+ Dex-4 SInv}
 33892 | D:12     | Reached skill level 12 in Transmutations
 33946 | D:12     | Reached skill level 15 in Unarmed Combat
 34264 | D:12     | Found a snail-covered altar of Cheibriados.
 34366 | D:12     | Found Sitadesau's Weapon Boutique.
 34675 | D:11     | Reached skill level 16 in Dodging
 34689 | D:11     | HP: 6/69 [skeletal warrior/+0 trident[a skeletal warrior]
                  | (9)]
 34993 | D:11     | Found Ditoecre's Distillery.
 35971 | D:13     | Found a transporter.
 35974 | D:13     | Found a one-way gate to the infinite horrors of the Abyss.
 35974 | D:13     | Noticed Koaxihic's ghost (journeyman GrAM)
 36019 | D:13     | Found a transporter.
 36475 | D:13     | Reached skill level 17 in Dodging
 36592 | D:13     | Noticed a fire giant
 37146 | D:13     | Identified 2 potions of resistance
 37525 | D:14     | Noticed Josephine
 37532 | D:14     | Killed Josephine
 37532 | D:14     | Reached skill level 18 in Dodging
 37851 | D:14     | Found a gate to the Vaults.
 38198 | D:15     | Entered Level 15 of the Dungeon
 38235 | D:14     | Slain by a cyan ugly thing
 38236 | D:14     | Reached XP level 14. HP: -1/66 MP: 0/27
 38236 | D:14     | Quit the game

Vanquished Creatures
  An orc warlord (Orc:2)
  The ghost of MisterFreud the Blocker, a journeyman GnFi of Ashenzari (Lair:4)
  A stone giant (Orc:2)
  The ghost of Reinei the Cleaver, a journeyman FoFi of Cheibriados (Lair:6)
  A minotaur (Gauntlet)
  Josephine (D:14)
  10 hydras
  3 vault guards (D:14)
  A catoblepas (D:13)
  4 centaur warriors
  5 two-headed ogres
  A queen ant (Lair:3)
  4 orc high priests (Orc:2)
  5 death yaks (Lair:4)
  A sixfirhy (Gauntlet)
  8 skeletal warriors
  2 unseen horrors (D:13)
  6 lindwurms
  A necromancer (Lair:6)
  6 orc knights
  3 ugly things
  An orc sorcerer (Orc:1)
  6 elephants (Lair:5)
  2 cyclopes
  An oklob plant (Lair:1)
  4 centaur zombies
  A smoke demon (Gauntlet)
  5 black mambas
  Maurice (Orc:1)
  A gargoyle (D:12)
  A torpor snail (Lair:3)
  15 spiny frogs
  10 komodo dragons
  2 demonic crawlers (D:13)
  3 rime drakes
  An efreet (D:14)
  A red devil (Gauntlet)
  7 trolls
  A jumping spider (Lair:3)
  7 blink frogs (Lair:3)
  Grinder (D:5)
  4 polar bears (Lair:6)
  4 hornets
  3 tyrant leeches (D:13)
  6 slime creatures
  3 dream sheep (Lair:6)
  14 hippogriffs
  A ynoxinul (Gauntlet)
  A shadow (D:11)
  27 yaks
  11 spriggans
  5 wraiths
  2 wyverns
  A redback (Lair:3)
  3 basilisks
  8 humans (D:14)
  A golden eye (shapeshifter) (D:13)
  A hungry ghost (D:14)
  5 vampire mosquitoes (Lair:4)
  2 wargs
  2 acid dragons
  7 soldier ants
  12 water moccasins
  11 porcupines
  2 hell hounds (D:13)
  4 sky beasts
  36 orc warriors
  4 ice beasts
  An eye of draining (D:13)
  4 black bears
  2 necrophages (D:7)
  11 ogres
  26 wolves
  10 boggarts
  12 centaurs
  3 phantoms
  2 big kobolds
  4 crocodiles
  15 bullfrogs
  A gnoll sergeant (D:8)
  2 wyvern skeletons
  5 scorpions
  15 killer bees
  4 electric eels (D:8)
  2 vampire bats
  9 wights
  4 howler monkeys
  10 jellies
  9 crimson imps
  4 bullfrog zombies
  A quasit (D:12)
  11 hounds
  16 orc priests
  6 centaur skeletons
  19 orc wizards
  4 iron imps (Gauntlet)
  9 iguanas
  Ijyb (D:2)
  47 worker ants
  5 yak simulacra (Lair:6)
  4 polar bear simulacra (Lair:6)
  A hound zombie (D:8)
  A hound skeleton (D:7)
  A worker ant zombie (D:5)
  A howler monkey zombie (D:7)
  8 gnolls
  12 adders
  3 shadow imps
  2 ufetubi (Gauntlet)
  6 oozes
  2 adder skeletons
  11 worms
  5 dart slugs
  6 fire bats
  4 leopard geckos
  134 orcs
  2 spectral bats (D:3)
  A ball python (D:1)
  3 bat skeletons (D:3)
  A bat zombie (D:3)
  10 giant cockroaches
  11 goblins
  5 hobgoblins
  13 jackals
  7 quokkas
  17 bats
  A bat simulacrum (D:3)
  3 frilled lizards
  11 kobolds
  A leopard gecko skeleton (D:7)
  2 quokka skeletons
  10 rats
  2 river rat simulacra (Lair:6)
  2 fungi (Lair:1)
894 creatures vanquished.

Vanquished Creatures (others)
  A human (D:14)
  A wight (D:6)
  An orc (D:6)
  A jackal (D:13)
  19 fungi
  7 plants
30 creatures vanquished.

Grand Total: 924 creatures vanquished
